 Dungeon Crawl Stone Soup version 0.22-a0-305-gd21a89c (webtiles) character file.

360 Firecrotchwizard the Slasher (level 6, -2/56 HPs)
             Began as a Minotaur Fighter on Mar 28, 2018.
             Was a Follower of Makhleb.
             Slain by a gnoll
             ... wielding a +3 halberd of venom
              (8 damage)
             ... on level 4 of the Dungeon.
             The game lasted 00:04:48 (3251 turns).

Firecrotchwizard the Slasher (Minotaur Fighter)     Turns: 3251, Time: 00:04:49

Health: -2/56      AC: 12    Str: 21    XL:     6   Next: 38%
Magic:  5/5        EV:  4    Int:  5    God:    Makhleb [*.....]
Gold:   181        SH: 10    Dex: 15    Spells: 5/5 levels left

rFire    + . .     SeeInvis .   a - +0 long sword
rCold    . . .     Gourm    .   c - +0 shield
rNeg     . . .     Faith    .   A - +0 plate armour
rPois    .         Spirit   .   (helmet restricted)
rElec    .         Reflect  .   (no cloak)
rCorr    .         Harm     .   y - +0 pair of gloves
MR       .....                  (no boots)
Stlth    ..........             (no amulet)
HPRegen  0.18/turn              s - +4 ring of dexterity
MPRegen  0.09/turn              w - ring of protection from fire {rF+, !d}

@: lethally poisoned (-2 -> -23)
A: retaliatory headbutt, horns 2
a: Renounce Religion


You were on level 4 of the Dungeon.
You worshipped Makhleb.
Makhleb was aware of your devotion.
You were not hungry.

You visited 1 branch of the dungeon, and saw 5 of its levels.

You collected 181 gold pieces.

Inventory:

Hand Weapons
 a - a +0 long sword (weapon)
Armour
 c - a +0 shield (worn)
 v - a +0 scale mail of magic resistance
   (You found it on level 3 of the Dungeon)
 y - a +0 pair of gloves (worn)
   (You found it on level 4 of the Dungeon)
 A - a +0 plate armour (worn)
   (You found it on level 4 of the Dungeon)
Jewellery
 s - a +4 ring of dexterity (left hand)
   (You found it on level 2 of the Dungeon)
 w - a ring of protection from fire (right hand) {rF+, !d}
   (You found it on level 3 of the Dungeon)
Scrolls
 e - a scroll of immolation {unknown}
 h - a scroll of blinking {unknown}
 j - 3 scrolls of identify {unknown}
 k - 3 scrolls of magic mapping {unknown}
 m - 4 scrolls of remove curse {unknown}
 p - 4 scrolls of teleportation {unknown}
 u - a scroll of amnesia {unknown}
 B - a scroll of fog {unknown}
 C - a scroll of enchant armour {unknown}
Potions
 d - a potion of might
 g - a potion of degeneration {unknown}
 i - 2 potions of agility {unknown}
 l - 2 potions of heal wounds {unknown}
 n - a potion of haste {unknown}
 o - a potion of ambrosia {unknown}
 q - a potion of resistance {unknown}
 r - a potion of brilliance {unknown}
 z - 3 potions of curing {unknown}
Comestibles
 f - 6 rations {@e1}
 t - 8 chunks of flesh {@w0}


   Skills:
 + Level 5.3 Fighting
 * Level 6.1 Long Blades
 - Level 3.6 Armour
 + Level 5.3 Shields


You had 5 spell levels left.
You didn't know any spells.

Dungeon Overview and Level Annotations

Branches:
Dungeon (5/15)
 Temple: D:4-7

Altars:
Ashenzari
Makhleb
Xom
The Shining One


Innate Abilities, Weirdness & Mutations

You reflexively headbutt those who attack you in melee.
You have a pair of horns on your head.


Message History

You barely miss the gnoll. You headbutt the gnoll.
You block the gnoll's attack.
You barely miss the gnoll.
The gnoll hits you with a halberd of distortion.
Space warps horribly around you!
The gnoll hits you from afar with a spear.
An orc comes into view. It is wielding a flail.
You take 12 damage, and have 43/56 hp.
MASSIVE DAMAGE!!
You closely miss the gnoll.
The orc shouts!
You kill the gnoll!
Makhleb accepts your kill. You block the gnoll's attack.
Things that are here:
a halberd of distortion {!w}; a fizzy golden potion You block the gnoll's attack.
You slash the gnoll!
You kill the gnoll!
Makhleb accepts your kill. You block the orc's attack.
Things that are here:
a spear; a dagger; a gnoll corpse You barely miss the orc.
The orc hits you but does no damage.
You hit the orc.
You kill the orc!
Makhleb accepts your kill.
A hobgoblin comes into view. It is wielding a club.
There is an open door, spattered with blood here.
Things that are here:
a flail; a leather armour A gnoll comes into view.
It is wielding a halberd of venom.
The gnoll shouts!
You hear a shout! x3
The gnoll hits you but does no damage.
You are poisoned.
Things that are here:
a short sword; an orc skeleton A gnoll comes into view.
You feel sick.
The gnoll shouts!
The gnoll barely misses you.
A gnoll comes into view. It is wielding a spear.
There is an open door here.
Things that are here:
2 poisoned needles; a goblin skeleton You take 1 damage, and have 44/56 hp.
You closely miss the gnoll.
You feel sick. You block the gnoll's attack.
You hit the gnoll but do no damage. You headbutt the gnoll!
You feel sick. You block the gnoll's attack.
A gnoll comes into view.
You take 1 damage, and have 43/56 hp.
You barely miss the gnoll. The gnoll barely misses you.
You block the gnoll's attack.
You hit the gnoll but do no damage.
You feel sick. The gnoll hits you but does no damage.
You block the gnoll's attack.
The hobgoblin hits you but does no damage.
You block the gnoll's attack.
You take 1 damage, and have 42/56 hp.
Your shield and plate armour prevent you from hitting the gnoll.
The gnoll hits you but does no damage. You block the gnoll's attack.
You block the hobgoblin's attack.
The gnoll hits you with a halberd of venom.
You are more poisoned.
You take 1 damage, and have 41/56 hp.
You hit the gnoll.
You feel sick. The gnoll hits you but does no damage. The gnoll hits you.
You block the hobgoblin's attack.
The gnoll hits you with a halberd of venom!
You are more poisoned.
You take 12 damage, and have 29/56 hp.
MASSIVE DAMAGE!!
You closely miss the gnoll.
You feel very sick. The gnoll hits you but does no damage.
You block the gnoll's attack. The hobgoblin hits you with a club.
You take 4 damage, and have 25/56 hp.
You barely miss the gnoll.
You feel sick.
The gnoll hits you with a halberd of venom.
You are more poisoned.
The gnoll hits you but does no damage. You block the gnoll's attack.
The hobgoblin hits you with a club. The gnoll hits you but does no damage.
You take 8 damage, and have 17/56 hp.
You closely miss the gnoll.
* * * LOW HITPOINT WARNING * * *
You feel very sick. The gnoll hits you but does no damage.
You block the gnoll's attack.
The hobgoblin hits you but does no damage.
The gnoll hits you from afar with a spear.
* * * LOW HITPOINT WARNING * * *
You take 5 damage, and have 12/56 hp.
You barely miss the gnoll. Your headbutt misses the gnoll.
* * * LOW HITPOINT WARNING * * *
You feel sick. The gnoll hits you but does no damage.
You block the gnoll's attack. The hobgoblin hits you with a club.
* * * LOW HITPOINT WARNING * * *
The gnoll hits you but does no damage. You block the gnoll's attack.
Your plate armour prevents you from hitting the gnoll.
* * * LOW HITPOINT WARNING * * *
You feel very sick.
The gnoll hits you with a halberd of venom!
You die...

................
............# #
##'#......# ..###
#.)#####..#
..'..####..#.).#).#
#..'..#.)#.[.#..#
#######.)##)#...#(.#
('.....)...)#gg[().#
.#....####)g@gg(#(.#
#.#' #)######..# . #
#..'.'...#...#
#######
####.#.(.#...#
#...... #.###'#...#
##...... #.. #...#
#....... #.. #...#
#.###### #.. ##..#
#.# ...#
#..###.######


You could see 4 gnolls and a hobgoblin.

Vanquished Creatures
  The ghost of Zubeida the Gusty, an amateur TeAE (D:3)
  2 howler monkeys (D:4)
  A hound (D:4)
  An iguana (D:4)
  A worker ant (D:4)
  3 gnolls (D:4)
  2 adders
  An ooze (D:2)
  A worm (D:3)
  2 dart slugs
  2 leopard geckos
  9 orcs (D:4)
  4 giant cockroaches
  6 goblins
  10 hobgoblins
  4 jackals (D:1)
  3 quokkas
  2 ball pythons
  5 bats
  7 frilled lizards
  10 kobolds
  A quokka skeleton (D:4)
78 creatures vanquished.

Notes
Turn   | Place    | Note
-------+----------+-------------------------------------------
     0 | D:1      | Firecrotchwizard the Minotaur Fighter began the quest for the Orb.
     0 | D:1      | Reached XP level 1. HP: 19/19 MP: 0/0
   374 | D:1      | Reached skill level 3 in Long Blades
   374 | D:1      | Reached XP level 2. HP: 27/27 MP: 1/1
  1043 | D:2      | Found a glowing golden altar of the Shining One.
  1050 | D:2      | Reached skill level 4 in Fighting
  1050 | D:2      | Reached skill level 4 in Shields
  1168 | D:2      | Reached XP level 3. HP: 9/33 MP: 2/2
  1169 | D:2      | HP: 8/33 [poisoned by an adder]
  1177 | D:2      | HP: 7/33 [poisoned by an adder]
  1385 | D:2      | Found a burning altar of Makhleb.
  1402 | D:2      | Became a worshipper of Makhleb the Destroyer
  1487 | D:2      | Found a shimmering altar of Xom.
  1487 | D:2      | Found a shimmering altar of Xom.
  1618 | D:2      | Found a shimmering altar of Xom.
  1621 | D:2      | Found a shimmering altar of Xom.
  1621 | D:2      | Found a shimmering altar of Xom.
  1894 | D:3      | Noticed Zubeida's ghost (amateur TeAE)
  1902 | D:3      | Killed Zubeida's ghost
  1902 | D:3      | Reached skill level 4 in Long Blades
  1902 | D:3      | Reached XP level 4. HP: 31/41 MP: 3/3
  2500 | D:4      | Reached XP level 5. HP: 47/47 MP: 4/4
  2566 | D:4      | You fall through a shaft!
  2566 | D:5      | Entered Level 5 of the Dungeon
  2566 | D:5      | Noticed a phantom
  2570 | D:5      | Noticed an ice beast
  2579 | D:4      | Reached skill level 5 in Long Blades
  2583 | D:4      | Found a shattered altar of Ashenzari.
  2727 | D:4      | Reached skill level 5 in Shields
  2758 | D:4      | Reached * piety under Makhleb
  2788 | D:4      | Reached skill level 5 in Fighting
  2880 | D:4      | Reached XP level 6. HP: 31/56 MP: 5/5
  2889 | D:4      | HP: 14/56 [poisoned by a kobold]
  2894 | D:4      | HP: 11/56 [poisoned by a kobold]
  2900 | D:4      | HP: 9/56 [poisoned by a kobold]
  2907 | D:4      | HP: 8/56 [poisoned by a kobold]
  2915 | D:4      | HP: 8/56 [poisoned by a kobold]
  3177 | D:4      | Got a brightly glowing leather armour
  3199 | D:4      | Reached skill level 6 in Long Blades
  3249 | D:4      | HP: 14/56 [poisoned by a gnoll]
  3251 | D:4      | HP: 6/56 [poisoned by a gnoll]
  3251 | D:4      | Slain by a gnoll

Vault maps used:
D:1:      dpeg_arrival_stone_temple_mockup, minmay_tetromino_t4
D:2:      overflow_temple_1_default, overflow_temple_1_default, xom_redecorated,
          first_ration
D:4:      corexii_shantytown, ashenzari_altar_1, tgw_sif
D:5:      old_standard_altar, minmay_temple_entry_crystal_x,
          minmay_ogre_servants

Skill      XL: |  1  2  3  4  5  6 |
---------------+-------------------+-----
Long Blades    | 3 4 5 6 |  6.1
Fighting       | 4 5 |  5.3
Shields        | 4 5 |  5.3
Armour         | |  3.6

Action                   |  1- 3 |  4- 6 || total
-------------------------+-------+-------++-------
Melee: Long sword        |    95 |   115 ||   210
       Headbutt          |    11 |    27 ||    38
  Eat: Chunk             |     3 |     5 ||     8
Armor: Scale mail        |    32 |    13 ||    45
       Plate armour      |       |    32 ||    32
Dodge: Dodged            |    39 |    28 ||    67
Block: Shield            |    48 |    64 ||   112
       Rpst.: Long sword |    10 |     6 ||    16

Table legend:
 A = Spawn XP
 B = Non-spawn XP
 C = Spawn XP percentage of total XP
 D = Spawn monster count
 E = Non-spawn monster count
 F = Spawn count percentage of total count
 G = Total turns spent on level
                    A         B        C        D         E        F      G
               +---------+---------+-------+---------+---------+-------+---------
         Total |       0 |     515 |   0.0 |       0 |      78 |   0.0 |  3251
               +---------+---------+-------+---------+---------+-------+---------
           D:1 |       0 |      28 |   0.0 |       0 |      16 |   0.0 |   892
           D:2 |       0 |      30 |   0.0 |       0 |       9 |   0.0 |   850
           D:3 |       0 |     136 |   0.0 |       0 |      17 |   0.0 |   744
           D:4 |       0 |     321 |   0.0 |       0 |      36 |   0.0 |   757
               +---------+---------+-------+---------+---------+-------+---------

Vault maps used:
D:1:      dpeg_arrival_stone_temple_mockup, minmay_tetromino_t4
D:2:      overflow_temple_1_default, overflow_temple_1_default, xom_redecorated,
          first_ration
D:4:      corexii_shantytown, ashenzari_altar_1, tgw_sif
D:5:      old_standard_altar, minmay_temple_entry_crystal_x,
          minmay_ogre_servants

Table legend:
 A = Turns spent in this place as a percentage of turns spent in the entire game.
 B = Non-inter-level travel turns spent in this place as a percentage of non-inter-level travel turns spent in the entire game.
 C = Inter-level travel turns spent in this place as a percentage of turns spent in this place.
 D = Turns resting spent in this place as a percentage of non-inter-level travel turns spent in this place.
 E = Turns spent auto-exploring this place as a percentage of non-inter-level travel turns spent in this place.
 F = Non-inter-level travel turns spent in this place divided by the number of levels of this place that you've seen.
                   A       B       C       D       E      F
               +-------+-------+-------+-------+-------+----------------------
         Total | 100.0 | 100.0 |   1.4 |  25.3 |  58.8 | 641.0
       Dungeon | 100.0 | 100.0 |   1.4 |  25.3 |  58.8 | 641.0
               +-------+-------+-------+-------+-------+----------------------

Table legend:
 A = Kills in this place as a percentage of kills in entire the game.
 B = Kills by you in this place as a percentage of kills by you in the entire game.
 C = Kills by friends in this place as a percentage of kills by friends in the entire game.
 D = Other kills in this place as a percentage of other kills in the entire game.
 E = Experience gained in this place as a percentage of experience gained in the entire game.
 F = Experience gained in this place divided by the number of levels of this place that you have seen.
                   A       B       C       D       E      F
               +-------+-------+-------+-------+-------+----------------------
         Total | 100.0 | 100.0 |   N/A |   N/A | 100.0 | 103.0
       Dungeon | 100.0 | 100.0 |   N/A |   N/A | 100.0 | 103.0
               +-------+-------+-------+-------+-------+----------------------
